Flames vs Jets
Created - December 21, 2023 at 19:20
Goals
|
| Flames |
1 |
1 |
0 |
2 |
| Jets |
0 |
1 |
0 |
1 |
|
Shots
|
| Flames |
17 |
12 |
8 |
37 |
| Jets |
13 |
10 |
11 |
34 |
|
1st period
1. Flames , Jake DeBrusk 4 (Colin Wilson 6, Kevin Labanc 11) at 14:23
Penalties :
Troy Stetcher (Win) for Hooking (Minor) at 8:16
2nd period
2. Jets , Sam Reinhart 2 (Alexander Wennberg 7, Dougie Hamilton 9) at 3:03
3. Flames , Patrik Berglund 14 (Brad Marchand 13, Erik Johnson 14) at 7:16 (SH)
Penalties :
Eric Staal (Cal) for Tripping (Minor) at 3:47, Eric Staal (Cal) for Hooking (Minor) at 7:00, Sam Reinhart (Win) for Hooking (Minor) at 9:53
3rd period
No Goal
Penalties :
Max Domi (Win) for Hooking (Minor) at 0:23, Colby Robak (Cal) for Hooking (Minor) at 2:51, Eric Staal (Cal) for Hooking (Minor) at 8:38, David Savard (Cal) for Interference (Minor) at 19:01
Goalie Stats
Christopher Gibson (Cal), 33 saves from 34 shots - (0.971), W, 12-4-0, 60:00 minutes
Jacob Markstrom (Win), 35 saves from 37 shots - (0.946), L, 10-11-3, 59:10 minutes
Players Stats for Flames
Player Name G A P +/- PIM S H SB GA TA FO MP PP MP PK MP
------------------------------------------------------------------------------------
Anders Lee 0 0 0 0 0 1 0 0 0 0 1/2 10:59 0:01 2:33
Brad Marchand 0 1 1 1 0 1 1 0 1 0 1/3 19:48 0:01 4:59
Bryan Rust 0 0 0 0 0 2 0 0 0 0 0/0 17:35 0:01 2:50
Christian Folin 0 0 0 0 0 0 1 3 0 1 0/0 19:42 2:30 3:17
Colby Robak 0 0 0 0 2 1 3 1 0 0 0/0 15:08 0:00 2:26
Colin Wilson 0 1 1 1 0 3 0 1 0 0 5/6 12:12 0:00 0:12
David Savard 0 0 0 0 2 0 0 0 0 0 0/0 13:01 0:00 0:51
David Ullstrom 0 0 0 0 0 2 2 0 0 0 0/0 9:42 0:00 1:36
Eric Staal 0 0 0 0 6 3 1 0 0 0 11/28 19:23 3:23 0:37
Erik Johnson 0 1 1 1 0 3 3 2 0 0 0/0 27:39 3:27 5:37
Esa Lindell 0 0 0 0 0 4 1 0 0 1 0/0 17:00 2:30 0:00
Jake DeBrusk 1 0 1 1 0 3 0 0 1 1 0/0 14:37 2:33 0:00
Jimmy Hayes 0 0 0 -1 0 3 1 0 0 0 0/0 13:14 3:23 0:00
Kevin Labanc 0 1 1 1 0 3 0 0 2 0 0/0 14:37 2:33 0:00
Kyle Palmieri 0 0 0 0 0 0 1 0 0 0 0/0 7:21 0:00 0:00
Patrik Berglund 1 0 1 0 0 3 1 0 1 0 8/16 18:10 2:33 5:01
Sami Vatanen 0 0 0 1 0 1 2 1 0 0 0/0 27:39 3:27 5:37
Tanner Pearson 0 0 0 -1 0 4 2 0 0 0 0/0 13:14 3:23 0:00
Players Stats for Jets
Player Name G A P +/- PIM S H SB GA TA FO MP PP MP PK MP
------------------------------------------------------------------------------------
Adam Larsson 0 0 0 0 0 3 0 1 0 3 0/0 16:20 0:00 3:41
Alex Galchenyuk 0 0 0 -2 0 2 0 0 0 0 0/0 19:23 4:41 0:43
Alexander Wennberg 0 1 1 1 0 1 0 0 0 0 8/17 15:22 0:00 3:30
Anthony Mantha 0 0 0 0 0 0 2 0 0 0 0/2 19:43 4:13 3:30
Dougie Hamilton 0 1 1 -1 0 2 2 1 0 0 0/0 28:38 4:58 3:41
Erik Cernak 0 0 0 0 0 3 1 0 0 0 0/0 16:35 0:00 2:16
Frank Vatrano 0 0 0 0 0 1 1 0 0 0 0/0 9:16 0:00 1:44
Marco Scandella 0 0 0 0 0 1 1 3 0 1 0/0 18:42 3:56 2:16
Max Domi 0 0 0 -1 2 1 0 0 0 0 5/12 17:07 4:13 0:03
Nathan Walker 0 0 0 0 0 1 0 0 0 0 1/2 7:32 0:00 0:00
Noel Acciari 0 0 0 0 0 2 1 0 0 0 1/2 9:16 0:00 1:44
Ryan Johansen 0 0 0 -1 0 3 0 2 0 0 13/17 16:44 4:41 0:00
Ryan Murray 0 0 0 -1 0 2 0 3 0 0 0/0 22:41 4:58 0:00
Sam Reinhart 1 0 1 1 2 1 1 0 0 0 0/2 12:49 0:00 0:00
Troy Stetcher 0 0 0 0 2 1 1 1 0 0 0/0 17:04 3:56 0:00
Tyler Seguin 0 0 0 -2 0 3 0 0 1 0 0/0 17:05 4:41 0:00
Tyler Toffoli 0 0 0 1 0 2 0 1 2 1 0/0 11:49 0:00 0:00
Viktor Arvidsson 0 0 0 0 0 5 0 0 0 0 1/1 17:54 4:13 0:40
3 Stars
1 - Christopher Gibson (Cal)
2 - Jacob Markstrom (Win)
3 - Jake DeBrusk (Cal)
Power Play
Flames - 0 on 3 Attempt(s) - 0.00%
Jets - 0 on 5 Attempt(s) - 0.00%
Penalty Kill
Flames - 5 on 5 Attempt(s) - 100.00%
- Score 1 goal in Penalty Kill
Jets - 3 on 3 Attempt(s) - 100.00%
- Score 0 goal in Penalty Kill
Team Stat
Flames - Hits : 19 - Faceoff Wins : 26 - Blocked Shots : 8 - Penalty Minutes : 10
Jets - Hits : 10 - Faceoff Wins : 29 - Blocked Shots : 12 - Penalty Minutes : 6
Official
Referees : Beaudry Halkidis and Graham Skilliter
Linesman : Andrew Smith and Tony Sericolo
Game Notes
No Game Note
Finance
Level 1 -- Attendance: 5390 (89.83%) -- Ticket Income $539,000
Level 2 -- Attendance: 4841 (96.82%) -- Ticket Income $290,460
Level 3 -- Attendance: 1792 (89.60%) -- Ticket Income $62,720
Level 4 -- Attendance: 4000 (100.00%) -- Ticket Income $100,000
Luxury Box -- Attendance: 1000 (100.00%) -- Ticket Income $200,000
Game was played at the Bell MTS Place.
Total Attendance: 17023 (94.57%)
Total Ticket Income: $1,192,180
Other Income: $178,827
Total Income: $1,371,007
Flames
5 vs 5 Forward
Center Left Wing Right Wing Time % Phy DF OF
1 Eric Staal Brad Marchand Bryan Rust 40 1 2 2
2 Patrik Berglund Tanner Pearson Jimmy Hayes 30 1 2 2
3 Colin Wilson Jake DeBrusk Kevin Labanc 20 1 2 2
4 Anders Lee David Ullstrom Kyle Palmieri 10 1 2 2
5 vs 5 Defense
Defense Defense Time % Phy DF OF
1 Erik Johnson Sami Vatanen 40 1 2 2
2 Esa Lindell Christian Folin 30 1 2 2
3 Colby Robak David Savard 20 1 2 2
4 Erik Johnson Sami Vatanen 10 1 2 2
PowerPlay Forward
Center Left Wing Right Wing Time % Phy DF OF
1 Eric Staal Tanner Pearson Jimmy Hayes 60 1 1 3
2 Patrik Berglund Jake DeBrusk Kevin Labanc 40 1 1 3
PowerPlay Defense
Defense Defense Time % Phy DF OF
1 Erik Johnson Sami Vatanen 60 1 1 3
2 Esa Lindell Christian Folin 40 1 1 3
Penalty Kill 4 Players Forward
Center Wing Time % Phy DF OF
1 Patrik Berglund Brad Marchand 60 1 2 2
2 Eric Staal Bryan Rust 40 1 2 2
Penalty Kill 4 Players Defense
Defense Defense Time % Phy DF OF
1 Erik Johnson Sami Vatanen 60 1 2 2
2 Colby Robak Christian Folin 40 1 2 2
Penalty Kill - 3 Players Forward
Forward Time % Phy DF OF
1 Eric Staal 60 1 2 2
2 Patrik Berglund 40 1 2 2
Penalty Kill - 3 Players Defense
Defense Defense Time % Phy DF OF
1 Erik Johnson Sami Vatanen 60 1 2 2
2 Colby Robak Christian Folin 40 1 2 2
4 vs 4 Forward
Center Wing Time % Phy DF OF
1 Eric Staal Bryan Rust 60 1 2 2
2 Patrik Berglund Brad Marchand 40 1 2 2
4 vs 4 Defense
Defense Defense Time % Phy DF OF
1 Erik Johnson Sami Vatanen 60 1 2 2
2 Esa Lindell Christian Folin 40 1 2 2
Last Minutes Offensive
Center Left Wing Right Wing Defense Defense
Eric Staal Brad Marchand Bryan Rust Erik Johnson Sami Vatanen
Last Minutes Defensive
Center Left Wing Right Wing Defense Defense
Eric Staal Brad Marchand Bryan Rust Erik Johnson Sami Vatanen
Goaltenders
Starting : Christopher Gibson
Backup : Henrik Lundqvist
Extra Forwards
Normal : Tanner Pearson, Jimmy Hayes, Patrik Berglund - PP : Jake DeBrusk, Anders Lee - PK : Bryan Rust
Extra Defensemen
Normal : Colby Robak, Esa Lindell, Christian Folin - PP : Esa Lindell - PK : Christian Folin, David Savard
Penalty Shots
Eric Staal, Tanner Pearson, Jimmy Hayes, Kyle Palmieri, Patrik Berglund
Custom OT Lines Forwards
Eric Staal, Tanner Pearson, Patrik Berglund, Jimmy Hayes, Bryan Rust, Brad Marchand, Colin Wilson, Jake DeBrusk, Kevin Labanc, Kyle Palmieri
Custom OT Lines Defensemen
Erik Johnson, Sami Vatanen, Christian Folin, Esa Lindell, Colby Robak
Scratches
Chris Brown (Healthy), Mathieu Brodeur (Healthy), Matthew Nieto (Healthy), Victor Rask (Healthy)
Jets
5 vs 5 Forward
Center Left Wing Right Wing Time % Phy DF OF
1 Ryan Johansen Anthony Mantha Viktor Arvidsson 35 1 2 2
2 Max Domi Alex Galchenyuk Tyler Seguin 32 1 2 2
3 Alexander Wennberg Tyler Toffoli Sam Reinhart 28 1 2 2
4 Noel Acciari Nathan Walker Frank Vatrano 5 1 2 2
5 vs 5 Defense
Defense Defense Time % Phy DF OF
1 Ryan Murray Dougie Hamilton 40 1 2 2
2 Adam Larsson Marco Scandella 30 1 2 2
3 Erik Cernak Troy Stetcher 30 1 2 2
4 Adam Larsson Dougie Hamilton 0 1 2 2
PowerPlay Forward
Center Left Wing Right Wing Time % Phy DF OF
1 Ryan Johansen Alex Galchenyuk Tyler Seguin 55 1 0 4
2 Max Domi Anthony Mantha Viktor Arvidsson 45 0 0 5
PowerPlay Defense
Defense Defense Time % Phy DF OF
1 Ryan Murray Dougie Hamilton 60 0 1 4
2 Marco Scandella Troy Stetcher 40 0 1 4
Penalty Kill 4 Players Forward
Center Wing Time % Phy DF OF
1 Alexander Wennberg Anthony Mantha 60 1 2 2
2 Noel Acciari Frank Vatrano 40 1 2 2
Penalty Kill 4 Players Defense
Defense Defense Time % Phy DF OF
1 Adam Larsson Dougie Hamilton 60 1 3 1
2 Erik Cernak Marco Scandella 40 1 3 1
Penalty Kill - 3 Players Forward
Forward Time % Phy DF OF
1 Ryan Johansen 60 0 4 1
2 Noel Acciari 40 0 4 1
Penalty Kill - 3 Players Defense
Defense Defense Time % Phy DF OF
1 Adam Larsson Dougie Hamilton 60 1 4 0
2 Erik Cernak Marco Scandella 40 1 4 0
4 vs 4 Forward
Center Wing Time % Phy DF OF
1 Ryan Johansen Alex Galchenyuk 60 1 2 2
2 Max Domi Tyler Seguin 40 1 2 2
4 vs 4 Defense
Defense Defense Time % Phy DF OF
1 Ryan Murray Dougie Hamilton 60 1 2 2
2 Adam Larsson Marco Scandella 40 1 2 2
Last Minutes Offensive
Center Left Wing Right Wing Defense Defense
Ryan Johansen Alex Galchenyuk Tyler Seguin Ryan Murray Dougie Hamilton
Last Minutes Defensive
Center Left Wing Right Wing Defense Defense
Ryan Johansen Anthony Mantha Tyler Toffoli Adam Larsson Marco Scandella
Goaltenders
Starting : Jacob Markstrom
Backup : Elvis Merzlikins
Extra Forwards
Normal : Viktor Arvidsson, Anthony Mantha, Alexander Wennberg - PP : Viktor Arvidsson, Anthony Mantha - PK : Viktor Arvidsson
Extra Defensemen
Normal : Marco Scandella, Adam Larsson, Ryan Murray - PP : Marco Scandella - PK : Marco Scandella, Erik Cernak
Penalty Shots
Tyler Seguin, Alex Galchenyuk, Ryan Johansen, Tyler Toffoli, Viktor Arvidsson
Custom OT Lines Forwards
Tyler Seguin, Alex Galchenyuk, Ryan Johansen, Tyler Toffoli, Viktor Arvidsson, Anthony Mantha, Alexander Wennberg, Max Domi, Sam Reinhart, Frank Vatrano
Custom OT Lines Defensemen
Ryan Murray, Dougie Hamilton, Marco Scandella, Adam Larsson, Troy Stetcher
Scratches
None
% Time on Ice - Flames
Lines # - Real PCT - Wanted PCT - Time Play
Normal Forward
1 - 35% - 40% - 15:49
2 - 22% - 30% - 9:52
3 - 27% - 20% - 12:00
4 - 16% - 10% - 7:21
Normal Defense
1 - 38% - 40% - 17:18
2 - 35% - 30% - 15:37
3 - 24% - 20% - 10:50
4 - 3% - 10% - 1:17
PP Forward
1 - 57% - 60% - 3:24
2 - 43% - 40% - 2:33
PP Defense
1 - 58% - 60% - 3:27
2 - 42% - 40% - 2:30
PK Forward
1 - 74% - 60% - 6:37
2 - 26% - 40% - 2:17
PK Defense
1 - 63% - 60% - 5:37
2 - 37% - 40% - 3:17
PK3 Forward
1 - 0% - 60%
2 - 0% - 40%
PK3 Defense
1 - 0% - 60%
2 - 0% - 40%
44 Forward
1 - 0% - 60%
2 - 0% - 40%
44 Defense
1 - 0% - 60%
2 - 0% - 40%
Last Minute Offensive - 0:00
Last Minute Defensive - 0:07
Total
Forward - 60:00
Defense - 60:00
|
% Time on Ice - Jets
Lines # - Real PCT - Wanted PCT - Time Play
Normal Forward
1 - 30% - 35% - 13:17
2 - 27% - 32% - 12:21
3 - 26% - 28% - 11:49
4 - 17% - 5% - 7:32
Normal Defense
1 - 42% - 40% - 18:52
2 - 28% - 30% - 12:32
3 - 27% - 30% - 12:12
4 - 3% - 0% - 1:23
PP Forward
1 - 53% - 55% - 4:41
2 - 47% - 45% - 4:13
PP Defense
1 - 56% - 60% - 4:58
2 - 44% - 40% - 3:56
PK Forward
1 - 71% - 60% - 4:13
2 - 29% - 40% - 1:44
PK Defense
1 - 62% - 60% - 3:41
2 - 38% - 40% - 2:16
PK3 Forward
1 - 0% - 60%
2 - 0% - 40%
PK3 Defense
1 - 0% - 60%
2 - 0% - 40%
44 Forward
1 - 0% - 60%
2 - 0% - 40%
44 Defense
1 - 0% - 60%
2 - 0% - 40%
Last Minute Offensive - 0:10
Last Minute Defensive - 0:00
Total
Forward - 60:00
Defense - 60:00
|
Play-by-Play
1st period
0:01 of 1st period - Ryan Johansen wins face-off versus Eric Staal in neutral zone.
0:26 of 1st period - Dougie Hamilton is hit by Sami Vatanen and loses puck.
0:37 of 1st period - Slapshot by Tyler Seguin.
0:37 of 1st period - Stopped by Christopher Gibson without a rebound.
0:38 of 1st period - Colin Wilson wins face-off versus Alexander Wennberg in Flames zone.
0:43 of 1st period - Snap shot by Alexander Wennberg.
0:43 of 1st period - Shot Misses the Net.
1:16 of 1st period - Snap shot by Frank Vatrano.
1:16 of 1st period - Shot Misses the Net.
1:28 of 1st period - Snap shot by Jimmy Hayes.
1:28 of 1st period - Stopped by Jacob Markstrom with a rebound.
1:30 of 1st period - Snap shot by Patrik Berglund.
1:30 of 1st period - Stopped by Jacob Markstrom without a rebound.
1:31 of 1st period - Ryan Johansen wins face-off versus Patrik Berglund in Jets zone.
1:50 of 1st period - Wrist shot by Jimmy Hayes.
1:50 of 1st period - Stopped by Jacob Markstrom without a rebound.
1:51 of 1st period - Anders Lee wins face-off versus Max Domi in Jets zone.
2:02 of 1st period - Snap shot by Anders Lee.
2:02 of 1st period - Shot Misses the Net.
2:04 of 1st period - Wrist shot by Anders Lee.
2:04 of 1st period - Stopped by Jacob Markstrom without a rebound.
2:05 of 1st period - Alexander Wennberg wins face-off versus Eric Staal in Jets zone.
2:16 of 1st period - Wrist shot by Alexander Wennberg.
2:16 of 1st period - Shot Misses the Net.
2:18 of 1st period - Slapshot by Dougie Hamilton.
2:18 of 1st period - Shot Blocked by Sami Vatanen.
2:20 of 1st period - Backhand shot by Ryan Murray.
2:20 of 1st period - Deflect By Alexander Wennberg.
2:20 of 1st period - Stopped by Christopher Gibson without a rebound.
2:21 of 1st period - Colin Wilson wins face-off versus Max Domi in Flames zone.
2:59 of 1st period - Snap shot by Ryan Johansen.
2:59 of 1st period - Stopped by Christopher Gibson with a rebound.
3:09 of 1st period - Erik Cernak is hit by Colby Robak and loses puck.
4:20 of 1st period - Snap shot by Eric Staal.
4:20 of 1st period - Shot Misses the Net.
4:30 of 1st period - Wrist shot by Brad Marchand.
4:30 of 1st period - Shot Misses the Net.
5:48 of 1st period - Wrist shot by Bryan Rust.
5:48 of 1st period - Shot Misses the Net.
6:14 of 1st period - Slapshot by Jimmy Hayes.
6:14 of 1st period - Shot Misses the Net.
6:16 of 1st period - Wrist shot by Patrik Berglund.
6:16 of 1st period - Shot Misses the Net.
6:50 of 1st period - Wrist shot by Colin Wilson.
6:50 of 1st period - Shot Misses the Net.
6:52 of 1st period - Slapshot by Colby Robak.
6:52 of 1st period - Deflect By Noel Acciari.
6:52 of 1st period - Stopped by Jacob Markstrom with a rebound.
7:42 of 1st period - Slapshot by Eric Staal.
7:42 of 1st period - Stopped by Jacob Markstrom with a rebound.
7:48 of 1st period - Patrik Berglund is hit by Sam Reinhart and loses puck.
7:59 of 1st period - Max Domi is hit by Kyle Palmieri and loses puck.
8:08 of 1st period - Slapshot by Sami Vatanen.
8:08 of 1st period - Shot Blocked by Troy Stetcher.
8:16 of 1st period - Minor Penalty to Troy Stetcher for Hooking.
8:17 of 1st period - Eric Staal wins face-off versus Alexander Wennberg in Jets zone.
10:16 of 1st period - Penalty to Troy Stetcher is over, Troy Stetcher is back on ice.
10:36 of 1st period - Wrist shot by Max Domi.
10:36 of 1st period - Shot Misses the Net.
10:38 of 1st period - Slapshot by Adam Larsson.
10:38 of 1st period - Stopped by Christopher Gibson without a rebound.
10:39 of 1st period - Noel Acciari wins face-off versus Eric Staal in Flames zone.
10:44 of 1st period - Slapshot by Frank Vatrano.
10:44 of 1st period - Stopped by Christopher Gibson with a rebound.
10:46 of 1st period - Wrist shot by Erik Cernak.
10:46 of 1st period - Stopped by Christopher Gibson without a rebound.
10:47 of 1st period - Eric Staal wins face-off versus Noel Acciari in Flames zone.
10:52 of 1st period - Erik Cernak is hit by Colby Robak and loses puck.
11:13 of 1st period - Colby Robak is hit by Noel Acciari and loses puck.
11:18 of 1st period - Snap shot by Frank Vatrano.
11:18 of 1st period - Shot Misses the Net.
11:20 of 1st period - Slapshot by Troy Stetcher.
11:20 of 1st period - Stopped by Christopher Gibson with a rebound.
11:22 of 1st period - Snap shot by Nathan Walker.
11:22 of 1st period - Stopped by Christopher Gibson without a rebound.
11:23 of 1st period - Patrik Berglund wins face-off versus Max Domi in Flames zone.
11:28 of 1st period - Dougie Hamilton is hit by Tanner Pearson and loses puck.
11:49 of 1st period - Erik Johnson is hit by Anthony Mantha and loses puck.
11:56 of 1st period - Slapshot by Jake DeBrusk.
11:56 of 1st period - Shot Misses the Net.
12:50 of 1st period - Adam Larsson is hit by Eric Staal and loses puck.
13:07 of 1st period - Snap shot by Brad Marchand.
13:07 of 1st period - Shot Blocked by Adam Larsson.
13:09 of 1st period - Slapshot by Christian Folin.
13:09 of 1st period - Shot Misses the Net.
13:11 of 1st period - Slapshot by Esa Lindell.
13:11 of 1st period - Stopped by Jacob Markstrom with a rebound.
13:13 of 1st period - Snap shot by Bryan Rust.
13:13 of 1st period - Stopped by Jacob Markstrom without a rebound.
13:14 of 1st period - Ryan Johansen wins face-off versus Patrik Berglund in Jets zone.
13:58 of 1st period - Icing by Sami Vatanen.
13:59 of 1st period - Colin Wilson wins face-off versus Max Domi in Flames zone.
14:21 of 1st period - Snap shot by Colin Wilson.
14:21 of 1st period - Deflect By Jake DeBrusk.
14:21 of 1st period - Stopped by Jacob Markstrom with a rebound.
14:23 of 1st period - Slapshot by Jake DeBrusk.
14:23 of 1st period - Goal by Jake DeBrusk - Flames : 1 - Jets : 0.
14:24 of 1st period - Viktor Arvidsson wins face-off versus Brad Marchand in neutral zone.
14:27 of 1st period - Slapshot by Marco Scandella.
14:27 of 1st period - Shot Blocked by Christian Folin.
14:29 of 1st period - Slapshot by Marco Scandella.
14:29 of 1st period - Shot Blocked by Christian Folin.
14:31 of 1st period - Slapshot by Marco Scandella.
14:31 of 1st period - Shot Misses the Net.
14:33 of 1st period - Snap shot by Adam Larsson.
14:33 of 1st period - Stopped by Christopher Gibson without a rebound.
14:34 of 1st period - Ryan Johansen wins face-off versus Eric Staal in Flames zone.
14:37 of 1st period - Snap shot by Ryan Johansen.
14:37 of 1st period - Stopped by Christopher Gibson without a rebound.
14:38 of 1st period - Eric Staal wins face-off versus Anthony Mantha in Flames zone.
14:45 of 1st period - Wrist shot by Brad Marchand.
14:45 of 1st period - Shot Blocked by Ryan Johansen.
14:47 of 1st period - Snap shot by Brad Marchand.
14:47 of 1st period - Stopped by Jacob Markstrom with a rebound.
14:49 of 1st period - Slapshot by Sami Vatanen.
14:49 of 1st period - Shot Blocked by Ryan Murray.
15:09 of 1st period - Snap shot by Sami Vatanen.
15:09 of 1st period - Shot Misses the Net.
15:31 of 1st period - Slapshot by Sami Vatanen.
15:31 of 1st period - Stopped by Jacob Markstrom with a rebound.
15:33 of 1st period - Slapshot by Erik Johnson.
15:33 of 1st period - Stopped by Jacob Markstrom without a rebound.
15:34 of 1st period - Colin Wilson wins face-off versus Ryan Johansen in Jets zone.
15:45 of 1st period - Slapshot by Colin Wilson.
15:45 of 1st period - Shot Misses the Net.
15:47 of 1st period - Slapshot by Esa Lindell.
15:47 of 1st period - Shot Blocked by Marco Scandella.
15:55 of 1st period - Wrist shot by Colin Wilson.
15:55 of 1st period - Shot Misses the Net.
15:57 of 1st period - Snap shot by Colin Wilson.
15:57 of 1st period - Stopped by Jacob Markstrom with a rebound.
15:59 of 1st period - Snap shot by Kevin Labanc.
15:59 of 1st period - Stopped by Jacob Markstrom with a rebound.
16:27 of 1st period - Snap shot by Kevin Labanc.
16:27 of 1st period - Shot Misses the Net.
16:41 of 1st period - Wrist shot by Ryan Johansen.
16:41 of 1st period - Shot Misses the Net.
16:47 of 1st period - Marco Scandella is hit by Esa Lindell and loses puck.
17:40 of 1st period - Wrist shot by Jake DeBrusk.
17:40 of 1st period - Stopped by Jacob Markstrom with a rebound.
17:42 of 1st period - Snap shot by Colin Wilson.
17:42 of 1st period - Shot Blocked by Marco Scandella.
17:44 of 1st period - Snap shot by Jake DeBrusk.
17:44 of 1st period - Shot Blocked by Marco Scandella.
17:46 of 1st period - Snap shot by Colin Wilson.
17:46 of 1st period - Stopped by Jacob Markstrom without a rebound.
17:47 of 1st period - Alexander Wennberg wins face-off versus Eric Staal in Jets zone.
18:14 of 1st period - Alex Galchenyuk is hit by Erik Johnson and loses puck.
18:39 of 1st period - Slapshot by Dougie Hamilton.
18:39 of 1st period - Shot Blocked by Christian Folin.
18:41 of 1st period - Slapshot by Ryan Murray.
18:41 of 1st period - Stopped by Christopher Gibson with a rebound.
18:43 of 1st period - Wrist shot by Frank Vatrano.
18:43 of 1st period - Shot Misses the Net.
18:45 of 1st period - Slapshot by Noel Acciari.
18:45 of 1st period - Stopped by Christopher Gibson with a rebound.
18:59 of 1st period - Snap shot by Tyler Toffoli.
18:59 of 1st period - Shot Misses the Net.
19:01 of 1st period - Slapshot by Erik Cernak.
19:01 of 1st period - Stopped by Christopher Gibson with a rebound.
19:03 of 1st period - Snap shot by Alexander Wennberg.
19:03 of 1st period - Shot Misses the Net.
19:05 of 1st period - Slapshot by Troy Stetcher.
19:05 of 1st period - Shot Misses the Net.
19:47 of 1st period - Tanner Pearson is hit by Frank Vatrano and loses puck.
Goals for this period are 1 for Flames vs 0 for Jets.
Shots for this period are 17 for Flames vs 13 for Jets.
2nd period
0:01 of 2nd period - Brad Marchand wins face-off versus Sam Reinhart in neutral zone.
0:06 of 2nd period - Alexander Wennberg is hit by Sami Vatanen and loses puck.
0:31 of 2nd period - Snap shot by Tanner Pearson.
0:31 of 2nd period - Stopped by Jacob Markstrom with a rebound.
1:07 of 2nd period - Snap shot by Alex Galchenyuk.
1:07 of 2nd period - Deflect By Tyler Seguin.
1:07 of 2nd period - Stopped by Christopher Gibson without a rebound.
1:08 of 2nd period - Alexander Wennberg wins face-off versus Eric Staal in Flames zone.
1:21 of 2nd period - Wrist shot by Eric Staal.
1:21 of 2nd period - Stopped by Jacob Markstrom with a rebound.
2:06 of 2nd period - Wrist shot by Noel Acciari.
2:06 of 2nd period - Shot Misses the Net.
2:08 of 2nd period - Slapshot by Erik Cernak.
2:08 of 2nd period - Stopped by Christopher Gibson with a rebound.
2:25 of 2nd period - Slapshot by Eric Staal.
2:25 of 2nd period - Shot Misses the Net.
2:47 of 2nd period - Off-side.
2:48 of 2nd period - Patrik Berglund wins face-off versus Alexander Wennberg in neutral zone.
2:55 of 2nd period - Snap shot by Patrik Berglund.
2:55 of 2nd period - Shot Blocked by Tyler Toffoli.
3:03 of 2nd period - Slapshot by Sam Reinhart.
3:03 of 2nd period - Goal by Sam Reinhart - Flames : 1 - Jets : 1.
3:04 of 2nd period - Max Domi wins face-off versus Eric Staal in neutral zone.
3:07 of 2nd period - Snap shot by Max Domi.
3:07 of 2nd period - Shot Blocked by Erik Johnson.
3:40 of 2nd period - Off-side.
3:41 of 2nd period - Alexander Wennberg wins face-off versus Eric Staal in neutral zone.
3:47 of 2nd period - Minor Penalty to Eric Staal for Tripping.
3:48 of 2nd period - Patrik Berglund wins face-off versus Ryan Johansen in Flames zone.
3:56 of 2nd period - Patrik Berglund is hit by Dougie Hamilton.
4:49 of 2nd period - Slapshot by Dougie Hamilton.
4:49 of 2nd period - Stopped by Christopher Gibson with a rebound.
5:47 of 2nd period - Penalty to Eric Staal is over, Eric Staal is back on ice.
6:06 of 2nd period - Snap shot by Tyler Toffoli.
6:06 of 2nd period - Stopped by Christopher Gibson without a rebound.
6:07 of 2nd period - Colin Wilson wins face-off versus Nathan Walker in Flames zone.
6:44 of 2nd period - Wrist shot by David Ullstrom.
6:44 of 2nd period - Stopped by Jacob Markstrom with a rebound.
6:46 of 2nd period - Wrist shot by Kyle Palmieri.
6:46 of 2nd period - Deflect By David Ullstrom.
6:46 of 2nd period - Stopped by Jacob Markstrom with a rebound.
6:59 of 2nd period - Off-side.
7:00 of 2nd period - Eric Staal wins face-off versus Max Domi in neutral zone.
7:00 of 2nd period - Minor Penalty to Eric Staal for Hooking.
7:01 of 2nd period - Ryan Johansen wins face-off versus Patrik Berglund in Flames zone.
7:16 of 2nd period - Slapshot by Patrik Berglund.
7:16 of 2nd period - Goal by Patrik Berglund - Flames : 2 - Jets : 1.
7:17 of 2nd period - Ryan Johansen wins face-off versus Patrik Berglund in neutral zone.
7:24 of 2nd period - Snap shot by Ryan Johansen.
7:24 of 2nd period - Stopped by Christopher Gibson with a rebound.
7:55 of 2nd period - Snap shot by Max Domi.
7:55 of 2nd period - Stopped by Christopher Gibson with a rebound.
9:00 of 2nd period - Penalty to Eric Staal is over, Eric Staal is back on ice.
9:13 of 2nd period - Snap shot by Patrik Berglund.
9:13 of 2nd period - Stopped by Jacob Markstrom with a rebound.
9:53 of 2nd period - Minor Penalty to Sam Reinhart for Hooking.
9:54 of 2nd period - Eric Staal wins face-off versus Alexander Wennberg in Jets zone.
10:07 of 2nd period - Snap shot by Tanner Pearson.
10:07 of 2nd period - Stopped by Jacob Markstrom without a rebound.
10:08 of 2nd period - Eric Staal wins face-off versus Alexander Wennberg in Jets zone.
10:37 of 2nd period - Slapshot by Erik Johnson.
10:37 of 2nd period - Stopped by Jacob Markstrom without a rebound.
10:38 of 2nd period - Alexander Wennberg wins face-off versus Eric Staal in Jets zone.
11:53 of 2nd period - Penalty to Sam Reinhart is over, Sam Reinhart is back on ice.
13:36 of 2nd period - Slapshot by Anders Lee.
13:36 of 2nd period - Shot Misses the Net.
14:04 of 2nd period - Marco Scandella is hit by Tanner Pearson and loses puck.
14:25 of 2nd period - Wrist shot by Sam Reinhart.
14:25 of 2nd period - Shot Misses the Net.
14:27 of 2nd period - Slapshot by Marco Scandella.
14:27 of 2nd period - Stopped by Christopher Gibson without a rebound.
14:28 of 2nd period - Patrik Berglund wins face-off versus Sam Reinhart in Flames zone.
15:01 of 2nd period - Slapshot by Erik Johnson.
15:01 of 2nd period - Stopped by Jacob Markstrom with a rebound.
15:10 of 2nd period - Off-side.
15:11 of 2nd period - Alexander Wennberg wins face-off versus Anders Lee in neutral zone.
15:36 of 2nd period - Snap shot by Brad Marchand.
15:36 of 2nd period - Shot Misses the Net.
15:38 of 2nd period - Wrist shot by Eric Staal.
15:38 of 2nd period - Stopped by Jacob Markstrom without a rebound.
15:39 of 2nd period - Ryan Johansen wins face-off versus Eric Staal in Jets zone.
15:46 of 2nd period - Anthony Mantha is hit by Erik Johnson and loses puck.
16:05 of 2nd period - Snap shot by Esa Lindell.
16:05 of 2nd period - Stopped by Jacob Markstrom with a rebound.
16:55 of 2nd period - Slapshot by Viktor Arvidsson.
16:55 of 2nd period - Shot Blocked by Erik Johnson.
16:57 of 2nd period - Wrist shot by Ryan Johansen.
16:57 of 2nd period - Shot Blocked by Colin Wilson.
16:59 of 2nd period - Snap shot by Viktor Arvidsson.
16:59 of 2nd period - Stopped by Christopher Gibson with a rebound.
17:01 of 2nd period - Wrist shot by Viktor Arvidsson.
17:01 of 2nd period - Shot Misses the Net.
17:11 of 2nd period - Anders Lee is hit by Marco Scandella and loses puck.
17:53 of 2nd period - Troy Stetcher is hit by Colby Robak.
18:11 of 2nd period - Slapshot by Tyler Toffoli.
18:11 of 2nd period - Shot Misses the Net.
18:13 of 2nd period - Slapshot by Erik Cernak.
18:13 of 2nd period - Shot Misses the Net.
18:15 of 2nd period - Wrist shot by Tyler Toffoli.
18:15 of 2nd period - Stopped by Christopher Gibson with a rebound.
18:33 of 2nd period - Slapshot by David Ullstrom.
18:33 of 2nd period - Shot Blocked by Ryan Johansen.
18:47 of 2nd period - Max Domi is hit by Erik Johnson.
18:57 of 2nd period - Wrist shot by Tanner Pearson.
18:57 of 2nd period - Stopped by Jacob Markstrom with a rebound.
18:59 of 2nd period - Snap shot by Tanner Pearson.
18:59 of 2nd period - Shot Blocked by Ryan Murray.
19:01 of 2nd period - Slapshot by Erik Johnson.
19:01 of 2nd period - Shot Blocked by Dougie Hamilton.
19:21 of 2nd period - Slapshot by Erik Johnson.
19:21 of 2nd period - Shot Misses the Net.
Goals for this period are 1 for Flames vs 1 for Jets.
Shots for this period are 12 for Flames vs 10 for Jets.
3rd period
0:01 of 3rd period - Eric Staal wins face-off versus Max Domi in neutral zone.
0:23 of 3rd period - Minor Penalty to Max Domi for Hooking.
0:24 of 3rd period - Eric Staal wins face-off versus Alexander Wennberg in Jets zone.
0:25 of 3rd period - Wrist shot by Jimmy Hayes.
0:25 of 3rd period - Stopped by Jacob Markstrom without a rebound.
0:26 of 3rd period - Alexander Wennberg wins face-off versus Eric Staal in Jets zone.
0:35 of 3rd period - Alexander Wennberg is hit by Jimmy Hayes and loses puck.
1:24 of 3rd period - Icing by Tanner Pearson.
1:25 of 3rd period - Patrik Berglund wins face-off versus Alexander Wennberg in Flames zone.
2:23 of 3rd period - Penalty to Max Domi is over, Max Domi is back on ice.
2:51 of 3rd period - Minor Penalty to Colby Robak for Hooking.
2:52 of 3rd period - Ryan Johansen wins face-off versus Patrik Berglund in Flames zone.
4:46 of 3rd period - Anthony Mantha is hit by David Ullstrom and loses puck.
4:51 of 3rd period - Penalty to Colby Robak is over, Colby Robak is back on ice.
5:31 of 3rd period - Snap shot by Noel Acciari.
5:31 of 3rd period - Stopped by Christopher Gibson with a rebound.
5:33 of 3rd period - Wrist shot by Adam Larsson.
5:33 of 3rd period - Deflect By Esa Lindell.
5:33 of 3rd period - Stopped by Christopher Gibson with a rebound.
5:35 of 3rd period - Slapshot by Marco Scandella.
5:35 of 3rd period - Shot Blocked by Colby Robak.
6:09 of 3rd period - Snap shot by Eric Staal.
6:09 of 3rd period - Shot Misses the Net.
6:11 of 3rd period - Snap shot by Bryan Rust.
6:11 of 3rd period - Stopped by Jacob Markstrom without a rebound.
6:12 of 3rd period - Eric Staal wins face-off versus Alexander Wennberg in Jets zone.
6:21 of 3rd period - Snap shot by Alexander Wennberg.
6:21 of 3rd period - Deflect By Sam Reinhart.
6:21 of 3rd period - Shot Misses the Net.
6:21 of 3rd period - Puck is out of play.
6:22 of 3rd period - Ryan Johansen wins face-off versus Patrik Berglund in Flames zone.
7:11 of 3rd period - Snap shot by Kevin Labanc.
7:11 of 3rd period - Stopped by Jacob Markstrom with a rebound.
7:13 of 3rd period - Slapshot by Erik Johnson.
7:13 of 3rd period - Shot Misses the Net.
7:15 of 3rd period - Wrist shot by Colin Wilson.
7:15 of 3rd period - Stopped by Jacob Markstrom with a rebound.
7:25 of 3rd period - Snap shot by Kevin Labanc.
7:25 of 3rd period - Stopped by Jacob Markstrom with a rebound.
7:43 of 3rd period - Patrik Berglund is hit by Erik Cernak and loses puck.
7:48 of 3rd period - Slapshot by Viktor Arvidsson.
7:48 of 3rd period - Stopped by Christopher Gibson with a rebound.
8:09 of 3rd period - Off-side.
8:10 of 3rd period - Eric Staal wins face-off versus Ryan Johansen in neutral zone.
8:21 of 3rd period - Slapshot by Eric Staal.
8:21 of 3rd period - Deflect By Brad Marchand.
8:21 of 3rd period - Shot Misses the Net.
8:21 of 3rd period - Puck is out of play.
8:22 of 3rd period - Ryan Johansen wins face-off versus Eric Staal in Jets zone.
8:22 of 3rd period - Ryan Johansen is hit by Brad Marchand.
8:28 of 3rd period - Backhand shot by Viktor Arvidsson.
8:28 of 3rd period - Stopped by Christopher Gibson with a rebound.
8:30 of 3rd period - Slapshot by Dougie Hamilton.
8:30 of 3rd period - Deflect By Viktor Arvidsson.
8:30 of 3rd period - Stopped by Christopher Gibson without a rebound.
8:31 of 3rd period - Ryan Johansen wins face-off versus Eric Staal in Flames zone.
8:32 of 3rd period - Snap shot by Viktor Arvidsson.
8:32 of 3rd period - Stopped by Christopher Gibson with a rebound.
8:34 of 3rd period - Slapshot by Ryan Murray.
8:34 of 3rd period - Deflect By Bryan Rust.
8:34 of 3rd period - Stopped by Christopher Gibson without a rebound.
8:35 of 3rd period - Eric Staal wins face-off versus Anthony Mantha in Flames zone.
8:35 of 3rd period - Eric Staal is hit by Anthony Mantha.
8:38 of 3rd period - Minor Penalty to Eric Staal for Hooking.
8:39 of 3rd period - Patrik Berglund wins face-off versus Ryan Johansen in Flames zone.
10:38 of 3rd period - Penalty to Eric Staal is over, Eric Staal is back on ice.
10:46 of 3rd period - Adam Larsson is hit by David Ullstrom and loses puck.
10:53 of 3rd period - Adam Larsson is hit by Christian Folin.
11:11 of 3rd period - Slapshot by Esa Lindell.
11:11 of 3rd period - Stopped by Jacob Markstrom without a rebound.
11:12 of 3rd period - Nathan Walker wins face-off versus Patrik Berglund in Jets zone.
12:38 of 3rd period - Icing by Erik Johnson.
12:39 of 3rd period - Max Domi wins face-off versus Colin Wilson in Flames zone.
12:56 of 3rd period - Wrist shot by Alex Galchenyuk.
12:56 of 3rd period - Stopped by Christopher Gibson with a rebound.
13:16 of 3rd period - Colin Wilson is hit by Troy Stetcher and loses puck.
14:04 of 3rd period - Off-side.
14:05 of 3rd period - Max Domi wins face-off versus Eric Staal in neutral zone.
14:08 of 3rd period - Slapshot by Ryan Murray.
14:08 of 3rd period - Deflect By Alex Galchenyuk.
14:08 of 3rd period - Stopped by Christopher Gibson without a rebound.
14:09 of 3rd period - Max Domi wins face-off versus Eric Staal in Flames zone.
14:42 of 3rd period - Snap shot by Alex Galchenyuk.
14:42 of 3rd period - Shot Misses the Net.
14:44 of 3rd period - Snap shot by Max Domi.
14:44 of 3rd period - Deflect By Tyler Seguin.
14:44 of 3rd period - Stopped by Christopher Gibson with a rebound.
14:46 of 3rd period - Slapshot by Max Domi.
14:46 of 3rd period - Shot Misses the Net.
14:48 of 3rd period - Slapshot by Dougie Hamilton.
14:48 of 3rd period - Deflect By Max Domi.
14:48 of 3rd period - Shot Misses the Net.
14:48 of 3rd period - Puck is out of play.
14:49 of 3rd period - Ryan Johansen wins face-off versus Eric Staal in Flames zone.
15:15 of 3rd period - Icing by Bryan Rust.
15:16 of 3rd period - Alexander Wennberg wins face-off versus Eric Staal in Flames zone.
15:25 of 3rd period - Snap shot by Brad Marchand.
15:25 of 3rd period - Shot Blocked by Ryan Murray.
15:27 of 3rd period - Slapshot by Esa Lindell.
15:27 of 3rd period - Stopped by Jacob Markstrom without a rebound.
15:28 of 3rd period - Patrik Berglund wins face-off versus Alexander Wennberg in Jets zone.
16:36 of 3rd period - Alex Galchenyuk is hit by Patrik Berglund and loses puck.
17:30 of 3rd period - Off-side.
17:31 of 3rd period - Max Domi wins face-off versus Brad Marchand in neutral zone.
18:06 of 3rd period - Wrist shot by Tanner Pearson.
18:06 of 3rd period - Stopped by Jacob Markstrom with a rebound.
19:01 of 3rd period - Minor Penalty to David Savard for Interference.
19:02 of 3rd period - Patrik Berglund wins face-off versus Max Domi in Flames zone.
19:10 of 3rd period - Jets, Jacob Markstrom is pulled from the net.
19:12 of 3rd period - Snap shot by Viktor Arvidsson.
19:12 of 3rd period - Deflect By Erik Johnson.
19:12 of 3rd period - Shot Misses the Net.
19:12 of 3rd period - Puck is out of play.
19:13 of 3rd period - Bruce Boudreau call a timeout for Jets.
19:13 of 3rd period - Ryan Johansen wins face-off versus Patrik Berglund in Flames zone.
19:14 of 3rd period - Slapshot by Tyler Seguin.
19:14 of 3rd period - Shot Misses the Net.
19:16 of 3rd period - Slapshot by Dougie Hamilton.
19:16 of 3rd period - Deflect By Brad Marchand.
19:16 of 3rd period - Stopped by Christopher Gibson with a rebound.
19:40 of 3rd period - Erik Johnson is hit by Dougie Hamilton and loses puck.
Goals for this period are 0 for Flames vs 0 for Jets.
Shots for this period are 8 for Flames vs 11 for Jets.